 Dungeon Crawl Stone Soup version 0.30.1-1-g62c8e00024 (webtiles) character file.

Game seed: 11862670201384005933

19324 Elmgren the Grappler (level 12, -9/128 HPs)
             Began as a Troll Fighter on July 15, 2023.
             Was a High Priest of Okawaru.
             Mangled by a skyshark (13 damage)
             ... on level 3 of the Lair of Beasts.
             The game lasted 00:46:51 (15413 turns).

Elmgren the Grappler (Troll Fighter)               Turns: 15413, Time: 00:46:51

Health: -9/128     AC:  6    Str: 31    XL:     12   Next: 35%
Magic:  11/11      EV: 12    Int:  4    God:    Okawaru [*****.]
Gold:   874        SH: 10    Dex: 13    Spells: 11/11 levels left

rFire   + .          .
                       - Unarmed
rCold   + + .        b - +2 kite shield
rNeg    . . .        B - +0 troll leather armour
rPois   .            (helmet restricted)
rElec   .            D - scarf "Pianutia" {rC+ rF+, Fly Dex+4 Stlth-}
rCorr   .            (gloves unavailable)
SInv    .            (boots unavailable)
Will    .....        (no amulet) Stlth
                     A - ring of protection from cold
HPRegen 2.01/turn    t - +4 ring of slaying
MPRegen 0.12/turn

%: no passive effects
@: flying
A: large, unfitting armour, claws 3, regeneration 1, shaggy fur 1, tough skin 1
a: Renounce Religion, Heroism, Finesse, Duel


You were on level 3 of the Lair of Beasts.
You worshipped Okawaru.
Okawaru was extremely pleased with you.
You visited 2 branches of the dungeon, and saw 15 of its levels.

You collected 874 gold pieces.

Inventory:

Hand Weapons
 H - the +5 long sword of Corporal Punishment {heavy, rElec Will+}
   (You found it on level 3 of the Lair of Beasts)

   rElec:     It insulates you from electricity.
   Will:      It increases your willpower.
Missiles
 s - 15 poisoned darts (quivered)
Armour
 b - a +2 kite shield (worn)
 B - a +0 troll leather armour (worn)
 D - the scarf "Pianutia" (worn) {rC+ rF+, Fly Dex+4 Stlth-}
   (You acquired it on level 11 of the Dungeon)

   Dex:       It affects your dexterity (+4).
   Fly:       It grants you flight.
   Stlth:     It makes you less stealthy.
Magical Staves
 k - the staff of fire "Azaaw" {rF+ Str+6}
   (You found it on level 7 of the Dungeon)

   [staff of fire]

   Base accuracy: +5 Base damage: 5 Base attack delay: 1.2 This weapon's minimum
   attack delay (0.6) is reached at skill level 12.
   Str:       It affects your strength (+6).
   rF:        It protects you from fire.
   It falls into the 'Staves' category.
   It is a one-clawed weapon.
Jewellery
 a - the ring "Owaumosm" {Will+ Str+3 Int-4 Dex+4}
   (You found it on level 9 of the Dungeon)

   [ring of willpower]

   Str:       It affects your strength (+3).
   Int:       It affects your intelligence (-4).
   Dex:       It affects your dexterity (+4).
   Will:      It increases your willpower.
 t - a +4 ring of slaying (right claw)
 x - a +6 ring of dexterity
 A - a ring of protection from cold (left claw)
 F - a ring of positive energy
 G - a ring of wizardry
Wands
 f - a wand of polymorph (4)
 h - a wand of iceblast (20)
 i - a wand of paralysis (8)
 o - a wand of flame (18)
 u - a wand of light (10)
Scrolls
 d - 4 scrolls of teleportation
 e - 4 scrolls of vulnerability
 p - 3 scrolls of enchant weapon
 v - 3 scrolls of fear
 w - 9 scrolls of identify
 y - 3 scrolls of magic mapping
 E - a scroll of acquirement
Potions
 c - 2 potions of might
 g - 2 potions of haste
 j - 7 potions of flight
 l - 6 potions of curing
 m - 2 potions of resistance
 n - 4 potions of mutation
 q - a potion of berserk rage
 r - 2 potions of cancellation
 z - 2 potions of degeneration
 C - a potion of brilliance {unknown}


   Skills:
 + Level 10.8 Fighting
 + Level 9.7 Dodging
 - Level 2.6 Shields
 + Level 12.6 Unarmed Combat


You had 11 spell levels left.
You didn't know any spells.
Your spell library contained the following spells:

 Spells                   Type           Power      Damage    Failure   Level
 Magic Dart               Conj           0%         1d3       77%         1
 Shock                    Conj/Air       0%         1d3       77%         1
 Searing Ray              Conj           0%         2d4       88%         2
 Frozen Ramparts          Ice            0%         1d1       98%         3
 Fulminant Prism          Conj/Hex       0%         3d5       100%        4
 Ice Form                 Ice/Tmut       0%         N/A       100%        4
 Summon Ice Beast         Ice/Summ       Unusable   N/A       N/A         4

Dungeon Overview and Level Annotations

Branches:
Dungeon (12/15) Zot: 26030  Temple (0/1) D:7            Lair (3/5) D:10 Zot: 15512
  Swamp (0/4) Lair:2       Spider (0/4) Lair:3          Orc (0/2) D:12

Altars:
Cheibriados
Dithmenos
Elyvilon
Nemelex Xobeh
Okawaru
Qazlal
Ru
Trog
Vehumet
Wu Jian
Xom
Yredelemnul
The Shining One

Shops:
D:1 [   D:2 *   D:7 *

Annotations:
D:10 2 transporters
D:11 1 runed translucent door
Lair:2 2 transporters


Innate Abilities, Weirdness & Mutations

You are too large for most types of armour.
You have claws for hands.
Your natural rate of healing is unusually fast.
You are covered in fur. (AC +1)
You have tough skin. (AC +1)


Message History

You barely miss the skyshark. You block the skyshark's attack.
The skyshark tail-slaps you.
* * * LOW HITPOINT WARNING * * *
The skyshark tail-slaps you.
* * * LOW HITPOINT WARNING * * *
You take 1 damage, and have 40/128 hp.
You closely miss the skyshark. The skyshark bites you!
* * * LOW HITPOINT WARNING * * *
The skyshark tail-slaps you.
* * * LOW HITPOINT WARNING * * *
You block the skyshark's attack.
You take 13 damage, and have 27/128 hp.
Okay, then.
Okay, then.
Aiming: Polymorph
Press: ? - help, Shift-Dir - straight line, f - skyshark
Aim: a skyshark (almost dead, berserk, will become a glowing orange brain, a swamp dragon, or a moth of wrath, chance to affect: 31%)
Okay, then.
Aiming: Paralyse
Press: ? - help, Shift-Dir - straight line, f - skyshark
Aim: a skyshark (almost dead, berserk, chance to affect: 31%)
Okay, then.
The skyshark bites you!
* * * LOW HITPOINT WARNING * * *
You block the skyshark's attack. The skyshark closely misses you.
You take 8 damage, and have 19/128 hp.
You can't see any enemies this would affect, really read the scroll of fear?
Okay, then.
Okay, then.
Okay, then.
Okay, then.
Okay, then.
You fail to use your ability.
You block the skyshark's attack.
The skyshark tail-slaps you but does no damage.
The skyshark misses you. The skyshark bites you!!
* * * LOW HITPOINT WARNING * * *
You block the skyshark's attack. The skyshark misses you.
You take 17 damage, and have 2/128 hp.
You claw the skyshark! The skyshark bites you!
You die...

##.........................
#.........................
#.........................
#.####.##..P..............
# ###.#.#.P..............
#......##.......)#PP.#.
#<.....P.....########..
#......+..../ ##.
#.....@##.... #. #......l#
.. #. ........#......# #.
.P#####.##......# #.. .#
#.# .....## #.. ... .....#
... ....... #.PP .###P## ##
## ##


You could see a skyshark (berserk).

Vanquished Creatures
  3 two-headed ogres
  Urug (D:10)
  Sonja (D:10)
  An orb spider (Lair:3)
  An orc knight (D:12)
  A manticore (D:11)
  An ugly thing (D:11)
  2 cyclopes (D:12)
  An oklob plant (Lair:2)
  2 black mambas (Lair:2)
  4 cane toads
  A rime drake (Lair:2)
  2 komodo dragons
  An unseen horror (D:10)
  A troll (D:9)
  A tyrant leech (Lair:2)
  Grinder (D:6)
  5 slime creatures (D:12)
  3 blink frogs (Lair:2)
  A water elemental (D:12)
  A wyvern (Lair:2)
  8 yaks
  A basilisk (Lair:3)
  4 vampire mosquitoes (D:11)
  An acid dragon (D:10)
  3 swamp worms (D:7)
  5 water moccasins
  3 sky beasts
  3 black bears
  12 orc warriors
  4 ice beasts
  3 ogres
  2 centaurs
  2 kobold brigands
  7 bullfrogs
  3 gnoll sergeants
  5 scorpions
  9 killer bees (D:10)
  3 electric eels (D:12)
  3 hounds
  3 jellies
  7 orc priests
  A sleepcap (D:6)
  5 iguanas
  15 orc wizards
  5 adders
  19 gnolls
  A river rat (D:4)
  5 white imps
  3 ufetubi
  2 worms
  3 dart slugs
  52 orcs
  5 bats
  5 endoplasms
  2 giant cockroaches
  8 goblins
  7 hobgoblins
  5 ball pythons
  4 frilled lizards
  7 kobolds
  5 rats
  A butterfly (Lair:2)
286 creatures vanquished.

Vanquished Creatures (others)
  A shadow imp (D:6)
1 creature vanquished.

Grand Total: 287 creatures vanquished

Notes
Turn   | Place    | Note
-------+----------+-------------------------------------------
     0 | D:1      | Elmgren the Troll Fighter began the quest for the Orb.
     0 | D:1      | Reached XP level 1. HP: 22/22 MP: 0/0
   116 | D:1      | Got Sosay's Opusculum on Anemomancy and Blasts
   259 | D:1      | Reached XP level 2. HP: 29/29 MP: 1/1
   324 | D:1      | Found a faded altar of an unknown god.
   435 | D:1      | Found Etoah's Armour Boutique.
   976 | D:2      | Found Ystinil's Assorted Antiques.
  1007 | D:2      | Reached XP level 3. HP: 37/37 MP: 2/2
  2400 | D:3      | Reached skill level 3 in Unarmed Combat
  2475 | D:3      | Found an iron altar of Okawaru.
  2859 | D:3      | Reached XP level 4. HP: 45/45 MP: 3/3
  3415 | D:3      | Became a worshipper of Warmaster Okawaru
  3432 | D:4      | Noticed a scorpion
  3432 | D:4      | Noticed a scorpion
  3557 | D:4      | Noticed an ogre
  3583 | D:3      | Reached XP level 5. HP: 53/54 MP: 4/4
  3802 | D:3      | Killed an ogre
  3803 | D:3      | Reached skill level 4 in Unarmed Combat
  3982 | D:4      | Reached XP level 6. HP: 62/62 MP: 5/5
  4012 | D:4      | Reached * piety under Okawaru
  4049 | D:4      | Reached skill level 5 in Unarmed Combat
  4205 | D:4      | Reached skill level 5 in Fighting
  4446 | D:5      | Entered Level 5 of the Dungeon
  4510 | D:5      | Reached XP level 7. HP: 64/72 MP: 6/6
  4695 | D:4      | Reached ** piety under Okawaru
  4747 | D:4      | Reached skill level 6 in Unarmed Combat
  5145 | D:5      | Reached XP level 8. HP: 56/83 MP: 7/7
  5786 | D:6      | Reached skill level 7 in Unarmed Combat
  6118 | D:6      | Reached *** piety under Okawaru
  6276 | D:6      | Noticed Grinder
  6291 | D:6      | Killed Grinder
  6292 | D:6      | Reached XP level 9. HP: 92/92 MP: 5/8
  6947 | D:7      | Found Oqeosiemn's Assorted Antiques.
  7002 | D:7      | Reached skill level 8 in Unarmed Combat
  7272 | D:8      | Reached skill level 5 in Dodging
  7387 | D:7      | Identified the staff of fire "Azaaw" {rF+ Str+6}
  7556 | D:7      | Found a staircase to the Ecumenical Temple.
  7694 | D:7      | Found a stormy altar of Qazlal.
  7697 | D:7      | Found a sacrificial altar of Ru.
  7703 | D:7      | Found a basalt altar of Yredelemnul.
  7704 | D:7      | Found a radiant altar of Vehumet.
  7705 | D:7      | Found a sparkling altar of Nemelex Xobeh.
  7705 | D:7      | Found a shadowy altar of Dithmenos.
  7705 | D:7      | Found a glowing golden altar of the Shining One.
  7705 | D:7      | Found a bloodstained altar of Trog.
  7728 | D:7      | Found a snail-covered altar of Cheibriados.
  7730 | D:7      | Found an ornate altar of the Wu Jian Council.
  7731 | D:7      | Found a white marble altar of Elyvilon.
  7732 | D:7      | Found a shimmering altar of Xom.
  8570 | D:8      | Reached skill level 9 in Unarmed Combat
  9352 | D:9      | Noticed a troll
  9356 | D:9      | Killed a troll
  9357 | D:9      | Reached XP level 10. HP: 104/104 MP: 6/9
  9485 | D:9      | Identified the ring "Owaumosm" {Will+ Str+3 Int-4 Dex+4}
  9772 | D:10     | Entered Level 10 of the Dungeon
 10142 | D:10     | Noticed Sonja
 10154 | D:10     | Killed Sonja
 10154 | D:10     | Reached **** piety under Okawaru
 10155 | D:10     | Reached skill level 10 in Unarmed Combat
 10225 | D:10     | Found a transporter.
 10263 | D:10     | Noticed Urug
 10271 | D:10     | Killed Urug
 10285 | D:10     | Found a transporter.
 10460 | D:10     | Noticed a two-headed ogre
 10465 | D:10     | Killed a two-headed ogre
 10547 | D:10     | Found a staircase to the Lair.
 11155 | D:11     | Noticed a purple ugly thing
 11164 | D:11     | Killed a purple ugly thing
 11165 | D:11     | Reached XP level 11. HP: 115/115 MP: 4/10
 11412 | D:11     | Reached skill level 11 in Unarmed Combat
 11736 | D:11     | Found a runed translucent door.
 11738 | D:11     | Noticed a deep elf pyromancer
 11860 | D:11     | Identified a scroll of acquirement
 11860 | D:11     | Acquired the scarf "Pianutia" {rC+ rF+, Fly Dex+4 Stlth-}
 11932 | D:12     | Noticed a two-headed ogre
 11940 | D:12     | Killed a two-headed ogre
 12320 | D:12     | Reached ***** piety under Okawaru
 12373 | D:12     | Noticed an orc knight
 12388 | D:12     | Killed an orc knight
 12389 | D:12     | Reached skill level 10 in Fighting
 12468 | D:12     | Noticed a two-headed ogre
 12482 | D:12     | Killed a two-headed ogre
 12691 | D:12     | Found a staircase to the Orcish Mines.
 12912 | Lair:1   | Entered Level 1 of the Lair of Beasts
 13692 | Lair:2   | Reached skill level 12 in Unarmed Combat
 13775 | Lair:2   | Reached XP level 12. HP: 111/127 MP: 8/11
 14196 | Lair:2   | Identified the +7 bardiche "Puvyf" {drain, Drain rPois
                  | Will++ Dex+4} (Okawaru gifted it to you on level 2 of the
                  | Lair of Beasts)
 14196 | Lair:2   | Received a gift from Okawaru
 14276 | Lair:2   | Found a transporter.
 14278 | Lair:2   | Found a transporter.
 14278 | Lair:2   | Noticed a boulder beetle
 14718 | Lair:2   | Found a staircase to the Swamp.
 15070 | Lair:3   | Identified the +5 long sword of Corporal Punishment {heavy,
                  | rElec Will+}
 15125 | Lair:3   | Found a hole to the Spider Nest.
 15412 | Lair:3   | HP: 2/128 [skyshark (19)]
 15413 | Lair:3   | Mangled by a skyshark

Illustrated notes

Levels and vault maps discovered:
D:1:      matt_arrival_refuge, layout_basic, serial_shops, shop,
          nicolae_ecumenical_snake_handling
D:2:      layout_loops_ring, serial_shops, shop
D:3:      layout_loops_corners, amcnicky_altar_gilded
D:4:      layout_cave_pools
D:5:      layout_cave_pools
D:6:      layout_loops_ring, uniq_grinder
D:7:      layout_layer_cave, minitemple, minmay_temple_entry_slanted,
          serial_shops, nicolae_shop_back_alley_shop, worms_lemuel
D:8:      layout_loops_ring, enter_bailey_6
D:9:      layout_roguey, minivault_19
D:10:     layout_rooms, grunt_lair_entry_orc_guard_hut, nicolae_diode_stairs,
          uniq_urug, uniq_sonja
D:11:     layout_loops_corners, wad_hexagon
D:12:     layout_basic, erik_orc_2
Lair:1:   layout_regular_city, lemuel_fruit_tree
Lair:2:   gammafunk_boulding_lane, layout_long_grid, minmay_swamp_entry_worms,
          lemuel_fruit_fields
Lair:3:   layout_regular_city, nicolae_spider_entry_orb_guardian,
          chequers_serial_rivers_micro_c, lemuel_fruit_fields,
          lemuel_fruit_fields

Skill      XL: |  1  2  3  4  5  6  7  8  9 10 11 |
---------------+----------------------------------+-----
Fighting       | 3 4 5 6 8 9 10 | 10.8
Unarmed Combat | 3 4 5 6 7 9 10 12 | 12.6
Dodging        | 3 4 6 7 9 |  9.7
Shields        | |  2.6

Action                     |  1- 3 |  4- 6 |  7- 9 | 10-12 || total
---------------------------+-------+-------+-------+-------++-------
  Melee: Unarmed           |   106 |   111 |   320 |   366 ||   903
  Throw: Dart              |       |       |     3 |     4 ||     7
 Invoke: Heroism           |       |       |     9 |    14 ||    23
         Finesse           |       |       |       |     3 ||     3
  Evoke: Wand              |       |       |     1 |       ||     1
    Use: Scroll            |     7 |     3 |    14 |     2 ||    26
         Potion            |       |     1 |       |     2 ||     3
   Stab: Sleeping          |     2 |       |       |       ||     2
         Distracted        |       |       |       |     1 ||     1
 Armour: Robe              |    31 |    36 |    61 |       ||   128
         Troll leather arm |       |       |       |    60 ||    60
  Dodge: Dodged            |    47 |    57 |    83 |   146 ||   333
  Block: Kite shield       |    24 |    78 |   107 |   170 ||   379
